 Dungeon Crawl Stone Soup version 0.29.1-1-gd02db6906a (webtiles) character file.

Game seed: 15727598485782879068

2 MajorAdolf the Stinger (level 1, 0/18 HPs)
             Began as a Naga Wanderer on Oct 8, 2022.
             Slain by a kobold
             ... wielding a +2 short sword of freezing
              (2 damage)
             ... on level 1 of the Dungeon.
             The game lasted 00:00:26 (85 turns).

MajorAdolf the Stinger (Naga Wanderer)                Turns: 85, Time: 00:00:27

Health: 0/18       AC:  1    Str: 17    XL:     1   Next: 40%
Magic:  2/2        EV:  9    Int: 10    God:
Gold:   0          SH:  0    Dex:  9    Spells: 1/2 levels left

rFire   . . .      SeeInvis +   a - +0 quarterstaff
rCold   . . .      Faith    .   (shield currently unavailable)
rNeg    . . .      Spirit   .   e - +0 leather armour
rPois   +          Reflect  .   (no helmet)
rElec   .          Harm     .   (no cloak)
rCorr   .          Rampage  .   (no gloves)
Will    .....                   (no barding)
Stlth   +.........              (no amulet)
HPRegen 0.06/turn               (no ring)
MPRegen 0.08/turn               (no ring)

@: very slow
A: AC +0, large, see invisible, deformed body, poison resistance, slowness 2,
spit poison 1, naga tail 1
a: Spit Poison


You were on level 1 of the Dungeon.
You visited 1 branch of the dungeon, and saw 1 of its levels.

Inventory:

Hand Weapons
 a - a +0 quarterstaff (weapon)
 c - a +0 dagger
Missiles
 b - 10 boomerangs (quivered)
Armour
 e - a +0 leather armour (worn)
Scrolls
 d - a scroll of blinking


   Skills:
 + Level 1.4 Fighting
 - Level 2.0 Staves
 - Level 1.7 Throwing
 - Level 1.0 Dodging
 - Level 1.0 Spellcasting
 - Level 4.0 Poison Magic


You had one spell level left.
You knew the following spells:

 Your Spells              Type           Power      Damage    Failure   Level
a - Sting                 Tmut/Pois      16%        1d3       19%         1

Your spell library contained the following spells:

 Spells                   Type           Power      Damage    Failure   Level
 Ignite Poison            Fire/Tmut/Pois 3%         N/A       58%         3
 Olgreb's Toxic Radiance  Pois           8%         N/A       63%         4


Dungeon Overview and Level Annotations

Branches:
Dungeon (1/15)

Altars:


Innate Abilities, Weirdness & Mutations

Your serpentine skin is tough. (AC +0)
You have supernaturally acute eyesight. (SInv)
Armour fits poorly on your strangely shaped body.
Your system is resistant to poisons. (rPois)
You cover ground very slowly.
You can spit poison.
You have a snake-like lower body.


Message History

Unknown command. 2 kobolds come into view.
A kobold is wielding a +2 short sword of freezing.
The kobold shouts! x2
The kobold throws a stone.
The stone completely misses you.
There are monsters nearby!
Aiming: Spit Poison (3% risk of failure)
Press: ? - help, Shift-Dir - straight line, f - kobold
Aim: a kobold, wielding a +0 club and quivering stones (43% to hit)
The splash of poison misses the kobold.
The kobold throws a stone.
The stone closely misses you.
You have got your breath back.
The kobold throws a stone.
The stone hits you. The kobold closely misses you.
You hit the kobold.
You kill the kobold!
You hit the kobold.
The kobold is moderately wounded.
The kobold barely misses you.
The kobold hits you with a +2 short sword of freezing.
The kobold freezes you.
Aiming: Spit Poison (3% risk of failure)
Press: ? - help, Shift-Dir - straight line, f - kobold
Aim: a kobold, wielding a +2 short sword of freezing and quivering stones (moderately wounded, 43% to hit)
The splash of poison misses the kobold.
The kobold closely misses you.
Unknown command.
You hit the kobold but do no damage.
The kobold is moderately wounded.
The kobold barely misses you.
You miss the kobold.
The kobold is moderately wounded.
The kobold hits you with a +2 short sword of freezing.
The kobold freezes you.
You barely miss the kobold.
The kobold is moderately wounded.
You have got your breath back.
The kobold hits you with a +2 short sword of freezing.
* * * LOW HITPOINT WARNING * * *
The kobold freezes you.
You die...

### .... ##...
#.....##############
#........K@........#
......############.#
# ##... #†# . ..##
######.#.# #
#......#.#
#+#+#....####
#.#..).)...
####.#....#.##
#.........# #


You could see a kobold.

Vanquished Creatures
  A hobgoblin (D:1)
  A kobold (D:1)
2 creatures vanquished.

Notes
Turn   | Place    | Note
-------+----------+-------------------------------------------
     0 | D:1      | MajorAdolf the Naga Wanderer began the quest for the Orb.
     0 | D:1      | MajorAdolf set off with the following items: a +0
                  | quarterstaff, 10 boomerangs, a +0 dagger, a scroll of
                  | blinking, a +0 leather armour; and the following spell
                  | memorised: Sting; and the following spells available to
                  | memorise: Ignite Poison, Olgreb's Toxic Radiance.
     0 | D:1      | Reached XP level 1. HP: 18/18 MP: 2/2
    85 | D:1      | Slain by a kobold

Illustrated notes

Levels and vault maps discovered:
D:1:      shiori_arrival_maze, layout_loops_ring, serial_shops, shop

Action                   || total
-------------------------++-------
Melee: Quarterstaff      ||     9
 Abil: Spit Poison       ||     3
Dodge: Dodged            ||    10
